AoeStats
← Savitar1678

Arabia

510369412Analyzed
1v1 RM · 13h ago on Sep 30, 2026· 39m 21s· 2 players
Game mode
Random Map
Map size
Tiny (2 player)
Population
200
Speed
Normal
Resources
Standard
Victory
Conquest
Starting age
Dark Age
Ending age
Imperial Age
RankedLock teamsTeams togetherTeam positionsShared explorationLock speedFull tech treeHidden civsTurbo modeCheats
Victory
Defeat
🇺🇸 Goths · United States
1057
+15
🇲🇽 Mongols · Mexico
1027
-15
MX_KeylessS
8:37 Loom
10:54 Feudal Age
9:09 Loom
17:10 Castle Age
16:45 Fletching
17:11 Padded Archer Armor
Savitar1678
7:32 Loom
9:55 Feudal Age
11:37 Double-Bit Axe
19:57 Castle Age
17:52 Stone Mining
17:53 Gold Mining
18:01 Gold Mining
20:55 Fletching
24:10 Bodkin Arrow
25:41 Elite Skirmisher
27:10 Wheelbarrow
27:12 Ballistics
30:31 Scale Mail Armor
32:25 Padded Archer Armor
36:33 Imperial Age
35:19 Forging
36:56 Masonry
37:51 Bow Saw
39:36 Chemistry
Connection lost

Rejoining the realm…

Still unreachable

The connection could not be restored.

Session expired

The server has moved on; the page needs a fresh start.